 Dungeon Crawl Stone Soup version 0.28.0-45-g0d030f2227 (webtiles) character file.

Game seed: 8821761423944964102

4939 jimonade the Frost Mage (level 10, -7/74 HPs)
             Began as a Gnoll Ice Elementalist on Apr 6, 2022.
             Mangled by a two-headed ogre
             ... wielding a +0 giant club
              (14 damage)
             ... on level 9 of the Dungeon.
             The game lasted 01:01:23 (12056 turns).

jimonade the Frost Mage (Gnoll Ice Elementalist)   Turns: 12056, Time: 01:01:24

Health: -7/74      AC: 14    Str: 12    XL:     10   Next: 52%
Magic:  16/21      EV: 15    Int: 15    God:
Gold:   623        SH:  6    Dex: 18    Spells: 5/23 levels left

rFire   . . .      SeeInvis .   H - +2 dagger (venom)
rCold   . . .      Faith    .   u - +0 buckler
rNeg    . . .      Spirit   .   V - +0 troll leather armour
rPois   .          Reflect  .   x - +0 helmet
rElec   .          Harm     .   (no cloak)
rCorr   .          Rampage  .   G - +0 pair of gloves
Will    +....                   w - +0 pair of boots
Stlth   +++.......              (no amulet)
HPRegen 1.02/turn               v - +6 ring of dexterity
MPRegen 0.17/turn               E - ring of willpower

@: ice-armoured, studying Throwing
A: fangs 1, strong nose, distributed training
a: no special abilities


You were on level 9 of the Dungeon.
You visited 1 branch of the dungeon, and saw 9 of its levels.
You also visited: Ossuary.

You collected 623 gold pieces.

Inventory:

Hand Weapons
 A - a +2 hand axe of electrocution
 C - a +1 war axe of flaming
 H - a +2 dagger of venom (weapon)
 Q - a +0 shortbow
Missiles
 a - 6 silver boomerangs
 c - 44 bolts
 e - 243 stones
 i - 183 arrows
 p - 25 poisoned darts (quivered)
 N - 2 throwing nets
 T - 6 silver javelins
 U - 5 javelins
 X - 13 sling bullets
Armour
 m - a +0 plate armour
 s - a +0 leather armour
 u - a +0 buckler (worn)
 w - a +0 pair of boots (worn)
 x - a +0 helmet (worn)
 F - a +0 chain mail
 G - a +0 pair of gloves (worn)
 M - an orb of mayhem
 O - a +0 kite shield
 R - +0 steam dragon scales
 S - a +1 ring mail of cold resistance
 V - a +0 troll leather armour (worn)
Jewellery
 g - a ring of resist corrosion
 v - a +6 ring of dexterity (left hand)
 E - a ring of willpower (right hand)
Wands
 h - a wand of iceblast (4)
 t - a wand of mindburst (31)
 y - a wand of flame (27)
Scrolls
 b - a scroll of brand weapon {unknown}
 j - 2 scrolls of fear {unknown}
 k - 2 scrolls of magic mapping
 l - a scroll of amnesia {unknown}
 n - a scroll of blinking {unknown}
 q - 2 scrolls of teleportation {unknown}
 r - a scroll of enchant weapon {unknown}
 B - a scroll of holy word {unknown}
 Z - 2 scrolls of noise {unknown}
Potions
 d - 2 potions of flight
 f - 3 potions of attraction {unknown}
 o - a potion of mutation
 z - 5 potions of berserk rage
 D - a potion of might
 I - 3 potions of heal wounds
 J - a potion of brilliance
 K - 3 potions of cancellation
 L - a potion of invisibility
 W - 2 potions of haste
 Y - a potion of curing {unknown}


   Skills:
 + Level 5.3 Fighting
 + Level 5.3 Short Blades
 + Level 5.3 Long Blades
 + Level 5.3 Axes
 + Level 5.3 Maces & Flails
 + Level 5.3 Polearms
 + Level 5.3 Staves
 + Level 5.3 Slings
 + Level 5.3 Bows
 + Level 5.3 Crossbows
 + Level 6.6 Throwing
 + Level 5.3 Armour
 + Level 7.1 Dodging
 + Level 6.9 Stealth
 + Level 5.3 Shields
 + Level 5.3 Unarmed Combat
 + Level 7.4 Spellcasting
 + Level 4.4 Conjurations
 + Level 4.4 Hexes
 + Level 4.4 Summonings
 + Level 4.4 Necromancy
 + Level 4.4 Translocations
 + Level 4.4 Transmutations
 + Level 4.4 Fire Magic
 + Level 8.5 Ice Magic
 + Level 4.4 Air Magic
 + Level 4.4 Earth Magic
 + Level 4.4 Poison Magic
 + Level 5.9 Invocations
 + Level 5.3 Evocations


You had 5 spell levels left.
You knew the following spells:

 Your Spells              Type           Power      Damage    Failure   Level
a - Freeze                Ice            100%       1d11      1%          1
b - Frozen Ramparts       Ice            62%        1d8       1%          3
c - Ozocubu's Armour      Ice            31%        N/A       1%          3
d - Call Imp              Summ           18%        N/A       4%          2
e - Mephitic Cloud        Conj/Pois/Air  18%        N/A       10%         3
f - Swiftness             Air            18%        N/A       10%         3
g - Confusing Touch       Hex            18%        N/A       10%         3

Your spell library contained the following spells:

 Spells                   Type           Power      Damage    Failure   Level
 Magic Dart               Conj           72%        1d6       3%          1
 Shock                    Conj/Air       72%        1d7       3%          1
 Slow                     Hex            72%        N/A       3%          1
 Vampiric Draining        Necr           18%        2d7       10%         3
 Hailstorm                Conj/Ice       24%        3d7       14%         4
 Airstrike                Air            9%         N/A       32%         4


Dungeon Overview and Level Annotations

Branches:
Dungeon (9/15)             Temple (0/1) D:6            Lair (0/6) D:8
Ossuary (visited)
    Orc: D:9-12

Altars:
Ashenzari
Cheibriados
Fedhas
Gozag
Kikubaaqudgha
Makhleb
Qazlal
Uskayaw
Xom
Yredelemnul

Shops:
D:2 *

Annotations:
D:3 2 transporters, Menkaure


Innate Abilities, Weirdness & Mutations

You have very sharp teeth.
Your uncanny sense of smell can sniff out nearby items.
Your experience applies equally to all skills.


Message History

The wall freezes the two-headed ogre.
The two-headed ogre hits you with a +0 giant club!!
The two-headed ogre barely misses you.
The howler monkey zombie completely resists.
The wall freezes the howler monkey zombie but does no damage.
The howler monkey zombie misses you.
You barely miss the two-headed ogre.
The two-headed ogre is moderately wounded.
Unknown command.
You hit the two-headed ogre but do no damage.
The two-headed ogre looks as sick as possible!
You bite the two-headed ogre, but do no damage.
The two-headed ogre is moderately wounded.
The wall freezes the two-headed ogre.
The two-headed ogre misses you.
The two-headed ogre hits you with a +0 giant spiked club!
The howler monkey zombie resists.
The wall freezes the howler monkey zombie.
The howler monkey zombie misses you.
You hit the howler monkey zombie.
The howler monkey zombie is moderately damaged.
The howler monkey zombie resists.
The wall freezes the howler monkey zombie.
The howler monkey zombie barely misses you.
The wall freezes the two-headed ogre.
The two-headed ogre hits you with a +0 giant club!!
* * * LOW HITPOINT WARNING * * *
The two-headed ogre barely misses you.
You hit the two-headed ogre.
The two-headed ogre looks as sick as possible!
You bite the two-headed ogre, but do no damage.
The two-headed ogre is severely wounded.
The frozen ramparts melt away.
The howler monkey zombie hits you but does no damage.
Unknown command.
You hit the two-headed ogre.
The two-headed ogre looks as sick as possible!
The two-headed ogre is severely wounded.
The two-headed ogre closely misses you.
The two-headed ogre hits you with a +0 giant spiked club!
You die...

#....#.###........
#..#Z...##...........
#....................
##...##............##..#.
###......#.........#....
#....<...#............
##....##.##...........
##......##...........
##....#Z@.###....Z..
##.....#O#...........
#.................$..
##..........#....#...
##.........##...#
#..................
##...#..[..........#
#....#...............
##...................


You could see a two-headed ogre (extremely poisoned) and a howler monkey zombie.

Vanquished Creatures
  A two-headed ogre (D:7)
  A kobold demonologist (D:8)
  2 trolls (D:7)
  A hornet (D:9)
  Prince Ribbit (D:8)
  A yak (D:7)
  2 steam dragons
  An acid dragon (D:8)
  2 sky beasts
  3 necrophages
  3 centaurs
  2 ogres (D:4)
  2 phantoms (D:4)
  An elf zombie (Ossuary)
  A kobold brigand (D:7)
  A bullfrog (D:8)
  A gnoll sergeant (D:5)
  A wyvern zombie (D:7)
  Blork the orc (D:4)
  2 scorpions (D:4)
  4 killer bees (D:8)
  2 howler monkeys
  A centaur zombie (D:9)
  3 jellies
  3 orc priests
  2 hounds
  A human zombie (Ossuary)
  3 iguanas
  3 centaur skeletons
  A gnoll shaman (D:7)
  An orc wizard (D:4)
  A hound skeleton (D:4)
  3 mummies
  Robin (D:3)
  7 gnolls
  11 adders
  An ufetubus (D:4)
  3 worms
  19 orcs
  7 endoplasms
  8 giant cockroaches
  12 goblins
  11 hobgoblins
  12 jackals
  2 quokkas
  5 ball pythons
  7 bats
  4 frilled lizards
  12 hobgoblin zombies
  13 kobolds
  6 kobold zombies (Ossuary)
  8 orc zombies
  6 rats
  2 rat zombies (Ossuary)
215 creatures vanquished.

Vanquished Creatures (collateral kills)
  A centaur (D:6)
  An adder zombie (Ossuary)
  2 goblin zombies (Ossuary)
  2 hobgoblin zombies (Ossuary)
  A jackal zombie (Ossuary)
  A kobold zombie (Ossuary)
  An orc zombie (Ossuary)
9 creatures vanquished.

Vanquished Creatures (others)
  5 fungi (D:3)
  3 plants (D:2)
  3 toadstools (D:3)
11 creatures vanquished.

Grand Total: 235 creatures vanquished

Notes
Turn   | Place    | Note
-------+----------+-------------------------------------------
     0 | D:1      | jimonade the Gnoll Ice Elementalist began the quest for the
                  | Orb.
     0 | D:1      | Reached XP level 1. HP: 13/13 MP: 6/6
   254 | D:1      | Reached XP level 2. HP: 19/19 MP: 5/7
   557 | D:1      | Reached XP level 3. HP: 17/25 MP: 3/9
   673 | D:1      | Reached skill level 5 in Spellcasting
   870 | D:1      | Found a faded altar of an unknown god.
   981 | D:2      | Reached skill level 1 in Invocations
  1029 | D:2      | Learned a level 3 spell: Frozen Ramparts
  1033 | D:2      | Learned a level 3 spell: Ozocubu's Armour
  1105 | D:2      | Found a hide-covered altar of Uskayaw.
  1140 | D:2      | Found Arheqeas's Assorted Antiques.
  1209 | D:2      | Reached skill level 1 in Fighting
  1209 | D:2      | Reached skill level 1 in Short Blades
  1209 | D:2      | Reached skill level 1 in Long Blades
  1209 | D:2      | Reached skill level 1 in Axes
  1209 | D:2      | Reached skill level 1 in Maces & Flails
  1209 | D:2      | Reached skill level 1 in Polearms
  1209 | D:2      | Reached skill level 1 in Staves
  1209 | D:2      | Reached skill level 1 in Slings
  1209 | D:2      | Reached skill level 1 in Bows
  1209 | D:2      | Reached skill level 1 in Crossbows
  1209 | D:2      | Reached skill level 1 in Throwing
  1209 | D:2      | Reached skill level 1 in Armour
  1209 | D:2      | Reached skill level 1 in Shields
  1209 | D:2      | Reached skill level 1 in Unarmed Combat
  1209 | D:2      | Reached skill level 1 in Evocations
  1313 | D:2      | Reached XP level 4. HP: 32/32 MP: 8/11
  2151 | D:2      | Reached skill level 1 in Conjurations
  2151 | D:2      | Reached skill level 1 in Hexes
  2151 | D:2      | Reached skill level 1 in Summonings
  2151 | D:2      | Reached skill level 1 in Necromancy
  2151 | D:2      | Reached skill level 1 in Translocations
  2151 | D:2      | Reached skill level 1 in Transmutations
  2151 | D:2      | Reached skill level 1 in Fire Magic
  2151 | D:2      | Reached skill level 1 in Air Magic
  2151 | D:2      | Reached skill level 1 in Earth Magic
  2151 | D:2      | Reached skill level 1 in Poison Magic
  2549 | D:3      | Found a basalt altar of Yredelemnul.
  2551 | D:3      | Noticed Menkaure
  2666 | D:3      | Found an ancient bone altar of Kikubaaqudgha.
  2668 | D:3      | Noticed a necrophage
  2750 | D:3      | Reached XP level 5. HP: 34/37 MP: 8/12
  2883 | D:3      | Noticed Robin
  2906 | D:3      | Killed Robin
  3014 | D:3      | Found a burning altar of Makhleb.
  3149 | D:3      | Found a transporter.
  3172 | D:3      | Found a transporter.
  3276 | D:4      | Noticed a necrophage
  3673 | D:4      | Reached XP level 6. HP: 44/44 MP: 13/13
  3811 | D:4      | Killed a necrophage
  3812 | D:4      | Reached skill level 5 in Dodging
  3952 | D:4      | Found an opulent altar of Gozag.
  4103 | D:4      | Noticed Blork the orc
  4114 | D:4      | Killed Blork the orc
  4208 | D:4      | Reached XP level 7. HP: 41/50 MP: 11/15
  5165 | D:5      | Entered Level 5 of the Dungeon
  5362 | D:4      | Reached skill level 5 in Stealth
  5782 | D:4      | Reached XP level 8. HP: 54/57 MP: 9/16
  6882 | D:6      | Found a shimmering altar of Xom.
  6912 | D:5      | Learned a level 2 spell: Call Imp
  7014 | D:6      | Found a staircase to the Ecumenical Temple.
  7141 | D:6      | Found a snail-covered altar of Cheibriados.
  8258 | D:6      | HP: 2/60 [something] (5)]
  8913 | D:6      | Reached XP level 9. HP: 53/65 MP: 18/18
  8997 | D:6      | Learned a level 3 spell: Mephitic Cloud
  9378 | D:7      | Reached skill level 8 in Ice Magic
  9422 | D:7      | Noticed a troll
  9452 | D:7      | Killed a troll
  9640 | D:7      | Noticed a troll
  9644 | D:7      | Killed a troll
  9645 | D:7      | Reached skill level 5 in Throwing
  9671 | D:7      | Noticed a two-headed ogre
  9699 | D:7      | Killed a two-headed ogre
  9700 | D:7      | Reached skill level 5 in Invocations
  9747 | D:7      | Reached XP level 10. HP: 73/73 MP: 20/20
  9755 | D:7      | Learned a level 3 spell: Swiftness
  9970 | D:7      | Found a stormy altar of Qazlal.
 10103 | D:8      | Reached skill level 5 in Fighting
 10103 | D:8      | Reached skill level 5 in Short Blades
 10103 | D:8      | Reached skill level 5 in Long Blades
 10103 | D:8      | Reached skill level 5 in Axes
 10103 | D:8      | Reached skill level 5 in Maces & Flails
 10103 | D:8      | Reached skill level 5 in Polearms
 10103 | D:8      | Reached skill level 5 in Staves
 10103 | D:8      | Reached skill level 5 in Slings
 10103 | D:8      | Reached skill level 5 in Bows
 10103 | D:8      | Reached skill level 5 in Crossbows
 10103 | D:8      | Reached skill level 5 in Armour
 10103 | D:8      | Reached skill level 5 in Shields
 10103 | D:8      | Reached skill level 5 in Unarmed Combat
 10103 | D:8      | Reached skill level 5 in Evocations
 10211 | D:8      | Found a sand-covered staircase.
 10220 | Ossuary  | Entered an ossuary
 10865 | D:8      | Found a staircase to the Lair.
 10982 | D:8      | Found a blossoming altar of Fedhas.
 10982 | D:8      | Found a hide-covered altar of Uskayaw.
 10982 | D:8      | Found a broken altar of Ashenzari.
 11133 | D:8      | Noticed a kobold demonologist
 11151 | D:8      | Learned a level 3 spell: Confusing Touch
 11586 | D:8      | Killed a kobold demonologist
 11704 | D:9      | Noticed Prince Ribbit
 11774 | D:9      | Paralysed by a hornet for 3 turns
 11792 | D:8      | Killed Prince Ribbit
 12021 | D:9      | Noticed a two-headed ogre
 12056 | D:9      | Mangled by a two-headed ogre

Illustrated notes

Levels and vault maps discovered:
D:1:      amcnicky_arrival_blooded_trapdoor, layout_rooms,
          hellmonk_ecumenical_altar_leap_of_faith
D:2:      layout_basic, serial_forest, infiniplex_forest_split,
          infiniplex_forest_clump_diagonal, infiniplex_forest_lined_room_,
          infiniplex_forest_clump_long, infiniplex_forest_clump_double,
          infiniplex_forest_straight_4, basic_altar, serial_shops, shop,
          minivault_25
D:3:      layout_basic, gammafunk_temple_of_torment,
          mainiacjoe_overflow_chevrons, minmay_gold_behind_fungi, uniq_robin
D:4:      kennysheep_spiral_hall, layout_loops_ring, nicolae_gozag_seed_capital,
          kennysheep_generic_room_6, uniq_blork_the_orc
D:5:      layout_cave_pools
D:6:      layout_cave_pools, xom_teletrap_fun,
          mainiacjoe_overflow_surrounded_room, minmay_temple_entry_wispy,
          fountainhead, minmay_manual_mares
D:7:      layout_basic, nicolae_qazlal_scattered_showers, kb_rosetta
D:8:      layout_basic, gammafunk_temple_overflow_claw, lair_entry_dummy,
          nicolae_ossuary_entry_giza
D:9:      layout_cave_pools, nemelex_spade_bored_becter,
          mainiacjoe_overflow_tiny_flanked, uniq_prince_ribbit1, uniq_maurice

Skill      XL: |  1  2  3  4  5  6  7  8  9 10 |
---------------+-------------------------------+-----
Spellcasting   | 5 6 7 |  7.4
Invocations    | 1 2 3 4 5 |  5.9
Fighting       | 1 2 3 4 5 |  5.3
Short Blades   | 1 2 3 4 5 |  5.3
Long Blades    | 1 2 3 4 5 |  5.3
Axes           | 1 2 3 4 5 |  5.3
Maces & Flails | 1 2 3 4 5 |  5.3
Polearms       | 1 2 3 4 5 |  5.3
Staves         | 1 2 3 4 5 |  5.3
Slings         | 1 2 3 4 5 |  5.3
Bows           | 1 2 3 4 5 |  5.3
Crossbows      | 1 2 3 4 5 |  5.3
Throwing       | 1 2 4 5 6 |  6.6
Armour         | 1 2 3 4 5 |  5.3
Shields        | 1 2 3 4 5 |  5.3
Unarmed Combat | 1 2 3 4 5 |  5.3
Evocations     | 1 2 3 4 5 |  5.3
Conjurations   | 1 2 3 4 |  4.4
Hexes          | 1 2 3 4 |  4.4
Summonings     | 1 2 3 4 |  4.4
Necromancy     | 1 2 3 4 |  4.4
Translocations | 1 2 3 4 |  4.4
Transmutations | 1 2 3 4 |  4.4
Fire Magic     | 1 2 3 4 |  4.4
Air Magic      | 1 2 3 4 |  4.4
Earth Magic    | 1 2 3 4 |  4.4
Poison Magic   | 1 2 3 4 |  4.4
Dodging        | 5 6 7 |  7.1
Stealth        | 5 6 |  6.9
Ice Magic      | 8 |  8.5

Action                   |  1- 3 |  4- 6 |  7- 9 | 10-12 || total
-------------------------+-------+-------+-------+-------++-------
Melee: Unarmed           |    14 |       |       |       ||    14
       Bite              |     4 |    15 |    23 |    30 ||    72
       Punch             |     1 |       |       |       ||     1
       Dagger            |    30 |   110 |   165 |   196 ||   501
       Hand axe          |       |     4 |    14 |       ||    18
Throw: Dart              |       |       |     5 |     1 ||     6
       Stone             |       |       |     3 |       ||     3
 Cast: Freeze            |    45 |    35 |     3 |       ||    83
       Frozen Ramparts   |       |    14 |    21 |    16 ||    51
       Ozocubu's Armour  |       |     3 |    10 |     6 ||    19
       Call Imp          |       |       |     9 |     3 ||    12
       Mephitic Cloud    |       |       |       |     1 ||     1
  Use: Scroll            |       |       |       |    10 ||    10
 Stab: Sleeping          |     5 |     9 |     9 |     8 ||    31
       Distracted        |       |       |       |     2 ||     2
Armor: Robe              |     4 |    28 |     2 |       ||    34
       Leather armour    |       |       |    45 |       ||    45
       Steam dragon scal |       |       |     9 |       ||     9
       Troll leather arm |       |       |     2 |    49 ||    51
Dodge: Dodged            |    51 |    95 |   148 |    98 ||   392
Block: Buckler           |       |    17 |    53 |    43 ||   113
